 Dungeon Crawl Stone Soup version 0.21-a0-193-g085b6a0 (webtiles) character file.

41247 MackTheKnife the Severer (level 14, -2/115 HPs)
             Began as a Formicid Fighter on Aug 14, 2017.
             Was an Initiate of Gozag.
             Succumbed to barbed spike wounds
             ... on level 6 of the Lair of Beasts.
             The game lasted 00:42:36 (22654 turns).

MackTheKnife the Severer (Formicid Fighter)        Turns: 22654, Time: 00:42:36

Health: -2/115     AC: 11    Str: 25    XL:     14   Next: 49%
Magic:  14/14      EV: 11    Int: 11    God:    Gozag
Gold:   48         SH: 16    Dex: 10    Spells: 13/13 levels left

rFire    + + +     SeeInvis +   m - +3 battleaxe "Sacext" {freeze, *Contam +Blink rF+ rN+}
rCold    + . .     Gourm    .   c - +1 shield
rNeg     + + .     Faith    .   y - +1 scale mail of Cynorol {-Tele rF+ rN+}
rPois    +         Spirit   .   (helmet unavailable)
rElec    .         Reflect  +   E - +0 cloak
rCorr    .         Harm     .   n - +0 pair of gloves
MR       +....                  (no boots)
Stlth    ..........             r - +2 amulet of reflection
HPRegen  0.29/turn              A - ring of protection from fire {rF+, !d}
MPRegen  0.14/turn              h - ring of protection from cold {rC+, !d}

@: barbed spikes
A: permanent stasis, dig shafts and tunnels, four strong arms, antennae 3,
clever 1, poison resistance, shaggy fur 1
a: Dig, Shaft Self, Potion Petition, Call Merchant, Bribe Branch, Renounce
Religion


You were on level 6 of the Lair of Beasts.
You worshipped Gozag.
Gozag was noncommittal.
You were hungry.

You visited 3 branches of the dungeon, and saw 18 of its levels.

You collected 3930 gold pieces.
You spent 1065 gold pieces at shops.
You paid 2817 gold pieces to Gozag.

Inventory:

Hand Weapons
 m - the +3 battleaxe "Sacext" (weapon) {freeze, *Contam +Blink rF+ rN+}
   (You bought it in a shop on level 8 of the Dungeon)

   It has been specially enchanted to freeze those struck by it, causing extra
   injury to most foes and up to half again as much damage against particularly
   susceptible opponents.
   It can also slow down cold-blooded creatures.
   It protects you from fire.
   It protects you from negative energy.
   It lets you blink.
   It causes magical contamination when unequipped.
Armour
 c - a +1 shield (worn)
 n - a +0 pair of gloves (worn)
   (You found it on level 2 of the Dungeon)
 y - the +1 scale mail of Cynorol (worn) {-Tele rF+ rN+}
   (You bought it in a shop on level 7 of the Dungeon)

   It protects you from fire.
   It protects you from negative energy.
   It prevents most forms of teleportation.
 E - a +0 cloak (worn)
   (You took it off Crazy Yiuf on level 6 of the Dungeon)
Jewellery
 e - an uncursed ring of flight {+Fly, !d}
   (You found it on level 1 of the Dungeon)
 h - a ring of protection from cold (right hand) {rC+, !d}
   (You found it on level 9 of the Dungeon)
 r - a +2 amulet of reflection (around neck)
   (You found it on level 2 of the Lair of Beasts)
 t - an uncursed ring of poison resistance {rPois, !d}
   (You found it on level 2 of the Dungeon)
 A - a ring of protection from fire (left hand) {rF+, !d}
   (You found it on level 1 of the Lair of Beasts)
Wands
 b - a wand of iceblast (6/15)
   (You found it on level 6 of the Lair of Beasts)
 f - a wand of acid (5/15)
   (You found it on level 3 of the Lair of Beasts)
 l - a wand of confusion (30/48)
   (You found it on level 3 of the Lair of Beasts)
 D - a wand of lightning (4/15)
   (You found it on level 1 of the Lair of Beasts)
Scrolls
 a - 3 scrolls of amnesia
 g - 5 scrolls of remove curse
 k - 3 scrolls of enchant weapon
 s - 2 scrolls of enchant armour
 u - 6 scrolls of identify
 x - 2 scrolls of silence
 z - 3 scrolls of recharging
Potions
 d - a potion of curing
 i - 3 potions of brilliance
 v - 2 potions of flight
 w - a potion of magic
Comestibles
 j - 8 royal jellies
 o - 10 fruits
 p - 3 meat rations {@e2}


   Skills:
 - Level 12.1 Fighting
 - Level 17.2 Axes
 + Level 4.7 Armour
 + Level 2.3 Dodging
 - Level 13.2 Shields


You had 13 spell levels left.
You didn't know any spells.

Dungeon Overview and Level Annotations

Branches:
Dungeon (11/15)            Temple (1/1) D:7            Lair (6/6) D:10
 Shoals (0/4) Lair:2        Snake (0/4) Lair:2        Slime (0/5) Lair:6
    Orc: D:9-12

Altars:
Ashenzari
Elyvilon
Fedhas
Gozag
Hepliaklqana
Kikubaaqudgha
Makhleb
Nemelex Xobeh
Okawaru
Qazlal
Ru
Sif Muna
Trog
Uskayaw
Vehumet
Xom
Yredelemnul
Zin
The Shining One

Shops:
D:5 !   D:6 ?   D:7 *   D:8 (*   Lair:4 [

Annotations:
D:8 exclusions: obsidian statue and orange crystal statue
D:10 Erolcha
Lair:2 exclusion: 3 oklob plants


Innate Abilities, Weirdness & Mutations

You cannot be hasted, slowed, berserked, paralysed or teleported.
You can dig through walls and to a lower floor.
Your four strong arms can wield two-handed weapons with a shield.
You have a pair of large antennae on your head. (SInv)
Your mind is acute. (Int +2)
Your system is resistant to poisons. (rPois)
You are covered in fur. (AC +1)


Message History

The komodo dragon bites you but does no damage.
The death yak barely misses you.
The water moccasin bites you but does no damage.
You block the eight-headed hydra's attack.
The eight-headed hydra barely misses you.
The eight-headed hydra bites you but does no damage. x2
The eight-headed hydra bites you! x2
The eight-headed hydra closely misses you.
You block the eight-headed hydra's attack.
The yak misses you.
The yak bellows!
There is a stone staircase leading up, spattered with blood here.
You take 72 damage, and have 43/115 hp.
MASSIVE DAMAGE!!
You block the water moccasin's attack.
The dream sheep ruffles its wool and motes of dream dust sparkle, to no effect.
The dream sheep ruffles its wool and motes of dream dust sparkle, to no effect.
You block the water moccasin's attack.
Okay, then.
The water moccasin bites you but does no damage.
You extend your mandibles.
You dig through the rock wall.
The jelly quivers.
The yak bellows!
The dream sheep ruffles its wool and motes of dream dust sparkle, to no effect.
You retract your mandibles.
The yak gores you but does no damage. The yak misses you.
You extend your mandibles.
You dig through the rock wall.
You dig through the rock wall.
A death yak comes into view.
The death yak bellows!
You retract your mandibles.
A death yak and a spiny frog come into view.
A water moccasin and a manticore come into view.
The manticore moves out of view.
A seven-headed hydra comes into view.
The seven-headed hydra roars!
The death yak gores you!
You take 8 damage, and have 38/115 hp.
You block the death yak's attack. The death yak gores you!
* * * LOW HITPOINT WARNING * * *
You take 15 damage, and have 23/115 hp.
The death yak gores you!!
* * * LOW HITPOINT WARNING * * *
You block the death yak's attack.
You take 18 damage, and have 5/115 hp.
You extend your mandibles.
You dig through the rock wall.
The water moccasin bites the fungus.
You block the death yak's attack.
Something gores the fungus.
You dig through the rock wall.
The death yak gores you but does no damage.
You retract your mandibles. [a] - 504 gold - haste, agility and resistance [b] - 486 gold - heal wounds, magic and berserk rage [c] - 400 gold - heal wounds, curing and magic Purchase which effect?
You no longer have enough gold to petition Gozag for potion effects.
You feel much better.
You feel better. Magic courses through your body.
You block the death yak's attack.
You regained 32 hp, and now have 39/115 hp.
The manticore flicks its tail.
The volley of spikes hits you!
The barbed spikes become lodged in your body.
* * * LOW HITPOINT WARNING * * *
You take 11 damage, and have 29/115 hp.
The barbs in your skin will harm you if you move.
Continue?
The barbed spikes dig painfully into your body as you move.
* * * LOW HITPOINT WARNING * * *
You take 3 damage, and have 26/115 hp.
The barbed spikes dig painfully into your body as you move.
* * * LOW HITPOINT WARNING * * *
You take 7 damage, and have 19/115 hp.
The barbed spikes dig painfully into your body as you move.
* * * LOW HITPOINT WARNING * * *
You take 7 damage, and have 12/115 hp.
The barbed spikes dig painfully into your body as you move.
* * * LOW HITPOINT WARNING * * *
You take 6 damage, and have 6/115 hp.
Unknown command.
Okay, then.
You feel better.
You regained 7 hp, and now have 13/115 hp.
You feel better. The death yak gores you!
* * * LOW HITPOINT WARNING * * *
You block the death yak's attack.
You take 6 damage, and have 7/115 hp.
You feel better. The death yak gores you!
* * * LOW HITPOINT WARNING * * *
You block the death yak's attack.
You take 4 damage, and have 3/115 hp.
Unknown command.
Okay, then.
Okay, then.
Okay, then.
Firing (i - inventory): No suitable missiles.
Okay, then.
The barbed spikes dig painfully into your body as you move.
You die...
Your body crumbles into a pile of gold.

##..............<.......##
##.#.<.................##
#.##.................###
#.##............P....#
##.##...............## {
##...........##....# {{{
#P............#....# {
#...................#
#............@......# $
............#..YY....# {
#)...........#..H....## {{
#.................Y..#
...#
.....................##
##...#
.............##......
..........D..##......
...........J###P... .#
..=........###..# #.#


You could see 3 death yaks, a seven-headed hydra, a manticore and a jelly.

Vanquished Creatures
  3 hydras
  A centaur warrior (D:9)
  2 two-headed ogres
  Erica (D:9)
  A tengu warrior (D:9)
  2 death yaks (Lair:6)
  Sonja (Lair:3)
  An unseen horror (D:10)
  A manticore (Lair:4)
  2 ugly things
  4 elephants (Lair:6)
  Psyche (D:8)
  The ghost of MackTheKnife the Slicer, a novice VSFi (D:5)
  6 black mambas
  5 spiny frogs
  2 centaur skeletons
  5 rime drakes
  5 komodo dragons
  Prince Ribbit (D:7)
  8 blink frogs
  A hornet (D:6)
  22 hippogriffs
  27 yaks
  11 wyverns
  Grum (D:8)
  5 basilisks
  A hungry ghost (D:10)
  3 nagas (Lair:2)
  Edmund (D:5)
  12 water moccasins
  A hell hound (Lair:4)
  12 porcupines
  6 sky beasts
  2 black bears
  4 ice beasts
  2 orc warriors
  4 phantoms
  A hornet zombie (D:10)
  6 ogres
  30 wolves
  9 crocodiles
  15 bullfrogs
  3 big kobolds
  2 scorpions
  2 wyvern skeletons
  8 killer bees
  5 howler monkeys
  An electric eel (Lair:2)
  7 crimson imps
  2 jellies
  6 hounds
  16 orc wizards
  Crazy Yiuf (D:6)
  A bullfrog zombie (D:9)
  15 orc priests
  Jessica (D:3)
  Terence (D:3)
  An iguana (D:4)
  Natasha (thrice) (D:3)
  7 worker ants
  Ijyb (D:4)
  A hound zombie (D:6)
  3 gnolls (D:8)
  12 adders
  3 shadow imps
  2 oozes
  An adder zombie (D:7)
  2 adder skeletons
  A worm (D:4)
  3 dart slugs
  9 leopard geckos
  49 orcs
  A ball python (D:4)
  6 giant cockroaches
  5 goblins
  3 hobgoblins
  9 jackals
  A quokka (D:7)
  10 bats
  4 frilled lizards
  A jackal zombie (D:6)
  30 kobolds
  2 quokka skeletons
  6 rats
  7 fungi
483 creatures vanquished.

Vanquished Creatures (others)
  A kobold (D:10)
  13 fungi
  11 plants
25 creatures vanquished.

Grand Total: 508 creatures vanquished

Notes
Turn   | Place    | Note
-------+----------+-------------------------------------------
     0 | D:1      | MackTheKnife the Formicid Fighter began the quest for the Orb.
     0 | D:1      | Reached XP level 1. HP: 18/18 MP: 1/1
   120 | D:1      | Reached XP level 2. HP: 24/24 MP: 2/2
   137 | D:1      | Reached skill level 3 in Axes
   211 | D:1      | Reached XP level 3. HP: 26/29 MP: 3/3
   836 | D:2      | Reached skill level 4 in Axes
   836 | D:2      | Reached XP level 4. HP: 31/35 MP: 4/4
  1054 | D:2      | HP: 8/35 [adder (1)]
  1059 | D:2      | HP: 5/35 [poisoned by an adder]
  1064 | D:2      | HP: 4/35 [poisoned by an adder]
  1403 | D:2      | Reached skill level 5 in Axes
  1403 | D:2      | Reached XP level 5. HP: 29/41 MP: 5/5
  1409 | D:2      | Found a burning altar of Makhleb.
  1639 | D:3      | Reached skill level 4 in Shields
  1639 | D:3      | Reached XP level 6. HP: 25/47 MP: 6/6
  1892 | D:3      | Noticed Terence
  1902 | D:3      | Killed Terence
  2041 | D:3      | Noticed Natasha
  2049 | D:3      | Killed Natasha
  2105 | D:3      | Noticed Jessica
  2113 | D:3      | Killed Jessica
  2113 | D:3      | Reached skill level 4 in Fighting
  2254 | D:3      | Noticed Natasha
  2263 | D:3      | Killed Natasha
  2461 | D:3      | Noticed Natasha
  2466 | D:3      | Killed Natasha
  2466 | D:3      | Reached XP level 7. HP: 54/54 MP: 7/7
  2505 | D:4      | Reached skill level 6 in Axes
  2509 | D:4      | Reached skill level 5 in Shields
  2751 | D:4      | Got a spiked chain mail
  2835 | D:4      | Reached skill level 5 in Fighting
  3129 | D:4      | Reached XP level 8. HP: 34/63 MP: 8/8
  3284 | D:4      | Noticed Ijyb
  3287 | D:4      | You fall through a shaft for 2 floors!
  3403 | D:6      | Noticed a hornet
  3461 | D:6      | Reached skill level 6 in Shields
  3587 | D:5      | Entered Level 5 of the Dungeon
  3653 | D:5      | Noticed Edmund
  3686 | D:5      | Killed Edmund
  3686 | D:5      | Reached skill level 6 in Fighting
  3686 | D:5      | Reached skill level 7 in Axes
  3953 | D:5      | Reached skill level 7 in Shields
  4180 | D:5      | Found Yczir's Distillery.
  4185 | D:5      | Bought a potion of heal wounds for 60 gold pieces
  4185 | D:5      | Bought a potion of might for 48 gold pieces
  4185 | D:5      | Bought a potion of haste for 120 gold pieces
  4185 | D:5      | Bought a potion of agility for 48 gold pieces
  4196 | D:5      | Identified the +1 chain mail of Least Resistance {rPois rF- rN+ Dex+4} (You found it on level 4 of the Dungeon)
  4284 | D:5      | Found a white marble altar of Elyvilon.
  4380 | D:5      | Reached XP level 9. HP: 63/71 MP: 9/9
  4416 | D:5      | Noticed MackTheKnife's ghost (novice VSFi)
  4425 | D:5      | Killed MackTheKnife's ghost
  4425 | D:5      | Reached skill level 8 in Axes
  4469 | D:5      | Reached skill level 9 in Axes
  4918 | D:4      | Found a sacrificial altar of Ru.
  4923 | D:4      | HP: 8/71 [Ijyb/wand of lightning (?/15) (16)]
  4925 | D:4      | Killed Ijyb
  5604 | D:6      | Reached skill level 10 in Axes
  5727 | D:6      | Found a runed door.
  5759 | D:6      | Killed a hornet
  5790 | D:6      | Found Qamilaj's Magic Scroll Boutique.
  6058 | D:6      | Noticed Crazy Yiuf
  6063 | D:6      | Killed Crazy Yiuf
  6223 | D:7      | Found a staircase to the Ecumenical Temple.
  6229 | Temple   | Entered the Ecumenical Temple
  6264 | Temple   | Became a worshipper of Gozag Ym Sagoz the Greedy
  6308 | D:7      | Noticed a hippogriff
  6319 | D:7      | Killed a hippogriff
  6319 | D:7      | Reached XP level 10. HP: 69/77 MP: 10/10
  6321 | D:7      | Reached skill level 11 in Axes
  6327 | D:7      | Noticed Prince Ribbit
  6349 | D:7      | HP: 15/77 [Prince Ribbit (7)]
  6356 | D:7      | Killed Prince Ribbit
  6852 | D:7      | HP: 18/77 [killer bee (4)]
  6856 | D:7      | You fall through a shaft!
  6865 | D:8      | HP: 19/77 [big kobold/whip (3)]
  6871 | D:8      | HP: 17/77 [kobold/short sword (3)]
  7445 | D:8      | Noticed a five-headed hydra
  7548 | D:8      | Found Pasid's Weapon Shop.
  7563 | D:8      | Noticed a two-headed ogre
  7565 | D:8      | Noticed Erica
  7566 | D:8      | HP: 14/77 [five-headed hydra (9)]
  7567 | D:8      | You fall through a shaft!
  7935 | D:9      | Reached skill level 12 in Axes
  8083 | D:9      | Found a shimmering altar of Xom.
  8083 | D:9      | Found a shimmering altar of Xom.
  8083 | D:9      | Found a shimmering altar of Xom.
  8083 | D:9      | Found a shimmering altar of Xom.
  8084 | D:9      | Found a shimmering altar of Xom.
  8141 | D:9      | Reached skill level 7 in Fighting
  8516 | D:7      | Reached skill level 8 in Shields
  8618 | D:8      | Noticed Grum
  8619 | D:8      | Noticed Psyche
  9093 | D:8      | You fall through a shaft for 3 floors!
  9103 | D:10     | Entered Level 10 of the Dungeon
  9112 | D:10     | Found a staircase to the Lair.
  9301 | D:9      | Noticed a centaur warrior
  9301 | D:9      | Noticed a tengu warrior
  9306 | D:9      | Gained mutation: Your body sometimes deteriorates upon taking damage. [potion of mutation]
  9306 | D:9      | Gained mutation: You are robust. (+10% HP) [potion of mutation]
  9317 | D:9      | Killed a tengu warrior
  9317 | D:9      | Reached skill level 8 in Fighting
  9317 | D:9      | Reached skill level 9 in Shields
  9317 | D:9      | Reached XP level 11. HP: 46/95 MP: 11/11
  9332 | D:9      | HP: 23/95 [centaur warrior (6)]
  9339 | D:9      | Killed a centaur warrior
  9341 | D:9      | Reached skill level 9 in Fighting
  9685 | D:9      | Reached skill level 10 in Shields
  9688 | D:9      | Noticed Erolcha
  9735 | D:9      | You fall through a shaft!
  9923 | D:10     | Noticed a two-headed ogre
  9943 | D:10     | Killed a two-headed ogre
 10082 | D:10     | Noticed a purple ugly thing
 10102 | D:10     | Killed a purple ugly thing
 10102 | D:10     | Reached skill level 10 in Fighting
 10102 | D:10     | Reached skill level 11 in Shields
 10206 | D:10     | Noticed an unseen horror
 10222 | D:10     | Killed an unseen horror
 10243 | D:10     | Noticed a catoblepas
 10736 | D:8      | Noticed a cyan ugly thing
 11192 | D:7      | Bought a scroll labeled VEASURCHIRUSH for 27 gold pieces
 11555 | D:8      | Killed Psyche
 11658 | D:8      | Noticed an obsidian statue
 11711 | D:8      | Reached XP level 12. HP: 108/108 MP: 12/12
 11887 | D:8      | Found Ofobev's Serpentskin Sales.
 11996 | D:8      | Reached skill level 12 in Shields
 12059 | D:8      | Killed a one-headed hydra
 12059 | D:8      | Reached skill level 11 in Fighting
 12111 | D:8      | Killed Grum
 12255 | D:7      | Bought a sapphire-encrusted scale mail for 243 gold pieces
 12275 | D:6      | Killed a two-headed ogre
 12329 | D:6      | Identified the cursed +1 scale mail of Cynorol {-Tele rF+ rN+} (You bought it in a shop on level 7 of the Dungeon)
 12560 | D:9      | Killed Erica
 12722 | D:10     | HP: 11/111 [catoblepas (30)]
 12731 | D:10     | HP: 10/111 [catoblepas/blast of calcifying dust (3)]
 12738 | D:10     | HP: 11/111 [catoblepas/blast of calcifying dust (1)]
 13575 | Lair:1   | Entered Level 1 of the Lair of Beasts
 13962 | Lair:1   | Reached skill level 13 in Axes
 14022 | Lair:1   | Got a fine short sword
 14171 | Lair:1   | Noticed a six-headed hydra
 14190 | Lair:1   | Killed a one-headed hydra
 14262 | Lair:1   | Noticed an eight-headed hydra
 14497 | Lair:1   | Killed a one-headed hydra
 14602 | D:8      | Bought the cursed +3 battleaxe "Sacext" {freeze, *Contam +Blink rF+ rN+} for 519 gold pieces
 14692 | Lair:1   | Identified Wufribr Siyd's Tome of the Spatial Entourage
 14805 | Lair:1   | Found a sparkling altar of Nemelex Xobeh.
 15053 | Lair:2   | Found a staircase to the Snake Pit.
 15064 | Lair:2   | Reached XP level 13. HP: 102/117 MP: 13/13
 15137 | Lair:2   | HP: 27/117 [wolf (7)]
 15144 | Lair:2   | HP: 18/117 [wolf (9)]
 15149 | Lair:2   | HP: 11/117 [wolf (9)]
 15158 | Lair:2   | You fall through a shaft!
 15170 | Lair:3   | Noticed Sonja
 15171 | Lair:3   | You fall through a shaft for 3 floors!
 15171 | Lair:6   | Entered Level 6 of the Lair of Beasts
 15183 | Lair:6   | Reached skill level 14 in Axes
 15695 | Lair:6   | Found a staircase to the Slime Pits.
 16417 | Lair:6   | Reached skill level 15 in Axes
 16442 | Lair:6   | HP: 8/117 [death yak (25)]
 17124 | Lair:6   | Noticed an eight-headed hydra
 17291 | Lair:4   | Lost mutation: Your body sometimes deteriorates upon taking damage. [potion of mutation]
 17291 | Lair:4   | Lost mutation: You are robust. (+10% HP) [potion of mutation]
 17291 | Lair:4   | Gained mutation: Your system is resistant to poisons. (rPois) [potion of mutation]
 17291 | Lair:4   | Gained mutation: You are covered in fur. (AC +1) [potion of mutation]
 17291 | Lair:4   | Gained mutation: Your mind is acute. (Int +2) [potion of mutation]
 17681 | Lair:3   | HP: 20/107 [crocodile (11)]
 18032 | Lair:4   | Reached skill level 16 in Axes
 18608 | Lair:4   | HP: 17/107 [blink frog (14)]
 18624 | Lair:4   | HP: 18/107 [blink frog (3)]
 18624 | Lair:4   | HP: 7/107 [blink frog (11)]
 18628 | Lair:4   | Reached XP level 14. HP: 30/114 MP: 14/14
 19603 | Lair:3   | Killed Sonja
 19731 | Lair:3   | Reached skill level 17 in Axes
 20253 | Lair:3   | Reached skill level 13 in Shields
 20394 | Lair:2   | Found a staircase to the Shoals.
 21155 | Lair:2   | Reached skill level 12 in Fighting
 22070 | Lair:6   | Reached skill level 1 in Dodging
 22094 | Lair:6   | Reached skill level 4 in Armour
 22111 | Lair:6   | Reached skill level 2 in Dodging
 22635 | Lair:6   | HP: 23/115 [death yak (16)]
 22636 | Lair:6   | HP: 5/115 [death yak (18)]
 22647 | Lair:6   | HP: 26/115 [barbs]
 22649 | Lair:6   | HP: 12/115 [barbs]
 22653 | Lair:6   | HP: 3/115 [death yak (12)]
 22654 | Lair:6   | Succumbed to barbed spike wounds

Vault maps used:
D:1:      sevenhm_arrival_forest_fort_large_1, minmay_pentomino_v4
D:2:      makhleb_blood_cavern_becter
D:3:      minmay_stone_trees_small, uniq_natasha, uniq_jessica, uniq_terence
D:4:      first_bread, nicolae_ru_great_annihilating_truth, uniq_ijyb
D:5:      serial_shops, kennysheep_little_box, elyvilon_altar_5, uniq_edmund
D:6:      serial_shops, kennysheep_mini_moat, uniq_crazy_yiuf_cottage
D:7:      minmay_temple_entry_hall, nrook_mini_backslash,
          minmay_misc_feat_nine_boxes, uniq_prince_ribbit1
D:8:      minmay_separated_statues, serial_shops, shop, guppyfry_shop_venom,
          uniq_erica, uniq_psyche, uniq_grum
D:9:      minmay_bloctagon_deflated, xom_shifter_show, uniq_erolcha
D:10:     lair_entry_dummy, serial_shops, shop, minmay_evil_grid, uniq_snorg
D:11:     hangedman_pestilent_swarm, uniq_fannar
Temple:   kilobyte_greek_temple
Lair:1:   basic_altar, nicolae_lair_grove_arrangements
Lair:2:   elwin_shoals_entry_rocks, minmay_snake_entry_guardpost_small,
          minmay_lair_oklob_chamber, infiniplex_staircase_pool
Lair:3:   grunt_forest_small_clearings, grunt_megastairs_2, uniq_sonja
Lair:4:   special_room, infiniplex_staircase_pool_2
Lair:6:   hangedman_lair_in_review, nicolae_slime_entry_slimehenge,
          serial_bayou_shore_a

Skill      XL: |  1  2  3  4  5  6  7  8  9 10 11 12 13 14 |
---------------+-------------------------------------------+-----
Axes           | 3 4 5 6 7 10 12 13 16 17 | 17.2
Shields        | 4 5 7 9 11 12 13 | 13.2
Fighting       | 4 5 6 8 10 11 12 | 12.1
Dodging        | 2 |  2.3
Armour         | 4 |  4.7

Action                   |  1- 3 |  4- 6 |  7- 9 | 10-12 | 13-15 || total
-------------------------+-------+-------+-------+-------+-------++-------
Melee: War axe           |    84 |   198 |   349 |   118 |       ||   749
       Hand axe          |       |       |       |   861 |       ||   861
       Battleaxe         |       |       |       |    29 |   489 ||   518
Throw: Throwing net      |       |       |       |     1 |       ||     1
Invok: Potion Petition   |       |       |       |     1 |     3 ||     4
       Call Merchant     |       |       |       |     1 |     1 ||     2
 Abil: Dig               |       |       |     1 |    28 |    26 ||    55
       Shaft Self        |       |       |     1 |     4 |     2 ||     7
Evoke: Wand              |       |       |     3 |    10 |     1 ||    14
  Use: Potion            |       |     3 |     2 |     7 |     7 ||    19
       Scroll            |       |     3 |    10 |     5 |     3 ||    21
 Stab: Paralysed         |       |       |     3 |     2 |       ||     5
       Invisible         |       |       |     1 |     6 |       ||     7
       Held in net/web   |       |       |       |     1 |       ||     1
       Distracted        |       |       |       |       |     3 ||     3
  Eat: Chunk             |       |     5 |    13 |       |       ||    18
       Bread ration      |       |       |       |     8 |     4 ||    12
       Meat ration       |       |       |       |     1 |     2 ||     3
Armor: Scale mail        |    46 |    72 |   112 |   202 |   139 ||   571
       Skin              |       |       |       |     1 |       ||     1
Dodge: Dodged            |    30 |    74 |    85 |   247 |   127 ||   563
Block: Shield            |    52 |   103 |   178 |   503 |   391 ||  1227
       Reflection        |       |       |       |       |     4 ||     4

Vault maps used:
D:1:      sevenhm_arrival_forest_fort_large_1, minmay_pentomino_v4
D:2:      makhleb_blood_cavern_becter
D:3:      minmay_stone_trees_small, uniq_natasha, uniq_jessica, uniq_terence
D:4:      first_bread, nicolae_ru_great_annihilating_truth, uniq_ijyb
D:5:      serial_shops, kennysheep_little_box, elyvilon_altar_5, uniq_edmund
D:6:      serial_shops, kennysheep_mini_moat, uniq_crazy_yiuf_cottage
D:7:      minmay_temple_entry_hall, nrook_mini_backslash,
          minmay_misc_feat_nine_boxes, uniq_prince_ribbit1
D:8:      minmay_separated_statues, serial_shops, shop, guppyfry_shop_venom,
          uniq_erica, uniq_psyche, uniq_grum
D:9:      minmay_bloctagon_deflated, xom_shifter_show, uniq_erolcha
D:10:     lair_entry_dummy, serial_shops, shop, minmay_evil_grid, uniq_snorg
D:11:     hangedman_pestilent_swarm, uniq_fannar
Temple:   kilobyte_greek_temple
Lair:1:   basic_altar, nicolae_lair_grove_arrangements
Lair:2:   elwin_shoals_entry_rocks, minmay_snake_entry_guardpost_small,
          minmay_lair_oklob_chamber, infiniplex_staircase_pool
Lair:3:   grunt_forest_small_clearings, grunt_megastairs_2, uniq_sonja
Lair:4:   special_room, infiniplex_staircase_pool_2
Lair:6:   hangedman_lair_in_review, nicolae_slime_entry_slimehenge,
          serial_bayou_shore_a

Table legend:
 A = Turns spent in this place as a percentage of turns spent in the entire game.
 B = Non-inter-level travel turns spent in this place as a percentage of non-inter-level travel turns spent in the entire game.
 C = Inter-level travel turns spent in this place as a percentage of turns spent in this place.
 D = Turns resting spent in this place as a percentage of non-inter-level travel turns spent in this place.
 E = Turns spent auto-exploring this place as a percentage of non-inter-level travel turns spent in this place.
 F = Non-inter-level travel turns spent in this place divided by the number of levels of this place that you've seen.
                   A       B       C       D       E      F
               +-------+-------+-------+-------+-------+----------------------
         Total | 100.0 | 100.0 |   0.5 |   2.8 |   6.5 | 404.2
       Dungeon |  62.7 |  62.7 |   0.6 |   2.7 |   7.4 | 414.6
        Temple |   0.5 |   0.5 |   2.8 |   0.0 |   0.0 |  35.0
          Lair |  36.8 |  36.8 |   0.4 |   3.0 |   5.2 | 446.5
               +-------+-------+-------+-------+-------+----------------------

Table legend:
 A = Kills in this place as a percentage of kills in entire the game.
 B = Kills by you in this place as a percentage of kills by you in the entire game.
 C = Kills by friends in this place as a percentage of kills by friends in the entire game.
 D = Other kills in this place as a percentage of other kills in the entire game.
 E = Experience gained in this place as a percentage of experience gained in the entire game.
 F = Experience gained in this place divided by the number of levels of this place that you have seen.
                   A       B       C       D       E      F
               +-------+-------+-------+-------+-------+----------------------
         Total | 100.0 | 100.0 |  -nan |  -nan | 100.0 | 3273.6
       Dungeon |  66.0 |  66.0 |  -nan |  -nan |  37.3 | 1997.5
          Lair |  34.0 |  34.0 |  -nan |  -nan |  62.7 | 6158.7
               +-------+-------+-------+-------+-------+----------------------
